 Dungeon Sprint DCSS version 0.20-a0-833-gc632bec (webtiles) character file.

32 Kidiri the Magician (level 3, 0/20 HPs)
             Began as a Deep Elf Fire Elementalist on Mar 7, 2017.
             Slain by a wolf (2 damage)
             ... in the Dungeon (Sprint III: "The Ten Rune Challenge").
             The game lasted 00:01:33 (129 turns).

Kidiri the Magician (Deep Elf Fire Elementalist)     Turns: 129, Time: 00:01:33

Health: 0/20       AC:  2    Str:  5    XL:     3   Next: 8%
Magic:  7/11       EV: 14    Int: 20    God:
Gold:   15         SH:  0    Dex: 15    Spells: 3/12 levels left

rFire    . . .     SeeInvis .   (no weapon)
rCold    . . .     Gourm    .   a - +0 robe
rNeg     . . .     Faith    .   (no shield)
rPois    .         Spirit   .   (no helmet)
rElec    .         Reflect  .   (no cloak)
rCorr    .         Harm     .   (no gloves)
MR       .....     NoTele   +   (no boots)
Stlth    ++........             (no amulet)
Regen    0.1/turn               (no ring)
MPRegen  0.2/turn               (no ring)

@: no status effects
A: no striking features
a: no special abilities


You were in the Dungeon.
You were not hungry.

You visited 1 branch You collected 15 gold pieces.

Inventory:

Armour
 a - a +0 robe (worn)
Scrolls
 i - a scroll of blinking
Potions
 e - a potion of heal wounds
 f - a potion of haste
 g - 2 potions of magic
 h - a potion of berserk rage
Books
 b - a book of Flames

   Spells                             Type                      Level
   a - Flame Tongue                   Conjuration/Fire             1
   b - Throw Flame                    Conjuration/Fire             2
   c - Conjure Flame                  Conjuration/Fire             3
   d - Inner Flame                    Hexes/Fire                   3
   e - Sticky Flame                   Conjuration/Fire             4
   f - Fireball                       Conjuration/Fire             5
Comestibles
 c - a bread ration
 j - 6 chunks of flesh


   Skills:
 + Level 1.4 Fighting
 + Level 1.4 Armour
 + Level 3.7 Dodging
 - Level 2.4 Stealth
 * Level 5.2 Spellcasting
 + Level 2.5 Conjurations
 + Level 4.2 Fire Magic


You had 3 spell levels left.
You knew the following spells:

 Your Spells              Type           Power        Failure   Level  Hunger
a - Flame Tongue          Conj/Fire      ###..        2%          1    None
b - Throw Flame           Conj/Fire      ###...       4%          2    None
c - Conjure Flame         Conj/Fire      ###.....     10%         3    ##.....
d - Inner Flame           Hex/Fire       ##......     17%         3    ##.....


Dungeon Overview and Level Annotations

Branches:
Dungeon (1/1)

Altars:


Message History

Aiming: Flame Tongue
Press: ? - help, Shift-Dir - straight line, f/p - wolf
Aim: a wolf (severely wounded)
The flame tongue hits the wolf.
The wolf is almost dead.
The wolf misses you. The wolf bites you.
* * * LOW HITPOINT WARNING * * *
You feel better. The wolf bites you!
Ouch! That really hurt!
* * * LOW HITPOINT WARNING * * *
The wolf barely misses you.
Casting: Flame Tongue
Confirm with . or Enter, or press ? or * to list all spells.
Aiming: Flame Tongue
Press: ? - help, Shift-Dir - straight line, f/p - wolf
Aim: a wolf (severely wounded)
The flame tongue hits the wolf.
The wolf is almost dead.
The wolf bites you.
You die...

▓.....#,,,,≈****,,***+
▓.....#...≈≈..,,,,*,,,
▓.....#..≈≈≈≈♣♣♣,,+,⌠,
▓####'#..≈≈≈≈≈≈♣,,*,,,
▓...).#.≈≈≈≈≈≈..,,*,⌠,
▓...÷.#.≈≈≈≈≈...,,*,,,
▓.....#.≈≈≈.....,,*+**
▓'#####.........,,*,,,
▓....@hp........,,*___
▓▓▓▓▓▓▓▓▓▓▓▓▓▓▓▓******
*,,,+≈,≈≈≈≈,≈≈**,,,,,
*,,,*≈≈,≈≈≈≈,,**,≈≈≈≈
*,,,*,≈≈≈≈≈≈≈≈≈+,,,,,
*,,,*≈,≈≈≈≈≈≈≈*******
*,,,*≈≈≈≈≈≈≈≈≈*
***+****+******** *
*,,,,,,,,,,,,,,,** *


You could see a human and a wolf.

Vanquished Creatures
  Jessica (D)
  An ooze (D)
  2 rats (D)
4 creatures vanquished.

Vanquished Creatures (others)
  A yaktaur (D)
  A plant (D)
2 creatures vanquished.

Grand Total: 6 creatures vanquished

Notes
Turn   | Place    | Note
-------+----------+-------------------------------------------
     0 | D        | Kidiri the Deep Elf Fire Elementalist began the quest for the Orb.
     0 | D        | Reached XP level 1. HP: 10/10 MP: 6/6
    53 | D        | Reached skill level 4 in Spellcasting
    54 | D        | Noticed Jessica
    56 | D        | Killed Jessica
    56 | D        | Reached skill level 1 in Fighting
    56 | D        | Reached skill level 1 in Armour
    56 | D        | Reached skill level 5 in Spellcasting
    56 | D        | Reached XP level 2. HP: 16/16 MP: 6/10
    56 | D        | Reached XP level 3. HP: 20/20 MP: 6/11
    60 | D        | Learned a level 2 spell: Throw Flame
    64 | D        | Learned a level 3 spell: Conjure Flame
    68 | D        | Learned a level 3 spell: Inner Flame
    72 | D        | Killed a yaktaur
   129 | D        | Slain by a wolf

Vault maps used:
D:        dungeon_sprint_mu

Skill      XL: |  1 |
---------------+----+-----
Spellcasting   | 5 |  5.2
Fighting       | 1 |  1.4
Armour         | 1 |  1.4
Dodging        | 3 |  3.7
Conjurations   | 2 |  2.5
Fire Magic     | 4 |  4.2
Stealth        | |  2.4

Action                   || total
-------------------------++-------
 Cast: Flame Tongue      ||    10
  Use: Scroll            ||     3
       Potion            ||     1
Dodge: Dodged            ||     5
